 Dungeon Crawl Stone Soup version 0.25.1-2-g60ff931df9 (webtiles) character file.

Game seed: 7312378936571087038

1108 DearestLeader the Geomancer (level 8, -1/41 HPs)
             Began as a Gargoyle Earth Elementalist on Sept 15, 2020.
             Slain by a gnoll
             ... wielding a +0 spear
              (8 damage)
             ... on level 6 of the Dungeon.
             The game lasted 00:10:53 (5201 turns).

DearestLeader the Geomancer (GrEE)                  Turns: 5201, Time: 00:10:54

Health: -1/41      AC:  9    Str: 13    XL:     8   Next: 33%
Magic:  7/14       EV: 13    Int: 17    God:
Gold:   93         SH:  0    Dex: 16    Spells: 0/15 levels left

rFire    . . .     SeeInvis .   E - +6 whip of the Big Bang {vamp, rPois}
rCold    . . .     Gourm    .   (no shield)
rNeg     + . .     Faith    .   c - +0 robe
rPois    ∞         Spirit   .   D - +0 helmet
rElec    +         Reflect  .   (no cloak)
rCorr    .         Harm     .   (no gloves)
MR       .....                  j - +0 pair of boots
Stlth    ++........             v - amulet of regeneration
HPRegen  0.53/turn              a - +6 ring of dexterity
MPRegen  0.14/turn              u - ring of flight

@: no status effects
A: negative energy resistance 1, electricity resistance, unbreathing,
petrification resistance, rot immunity, AC +5
a: Evoke Flight


You were on level 6 of the Dungeon.
You were not hungry.

You visited 1 branch of the dungeon, and saw 6 of its levels.

You collected 288 gold pieces.
You spent 195 gold pieces at shops.

Inventory:

Hand Weapons
 f - a +2 whip of electrocution
 E - the +6 whip of the Big Bang (weapon) {vamp, rPois}
   (You bought it in a shop on level 5 of the Dungeon)

   It inflicts no extra harm, but heals its wielder when it wounds a living foe.
   It protects you from poison.
Missiles
 b - 173 stones (quivered)
Armour
 c - a +0 robe (worn)
 j - a +0 pair of boots (worn)
 D - a +0 helmet (worn)
Jewellery
 a - a +6 ring of dexterity (left hand)
 u - a ring of flight (right hand)
 v - an amulet of regeneration (around neck)
Scrolls
 h - 3 scrolls of teleportation {unknown}
 i - a scroll of immolation {unknown}
 q - 2 scrolls of enchant armour {unknown}
 r - 2 scrolls of magic mapping {unknown}
 t - 4 scrolls of amnesia {unknown}
 y - 2 scrolls of remove curse {unknown}
 C - a scroll of fog {unknown}
 F - a scroll of identify
Potions
 e - 3 potions of brilliance
 g - a potion of stabbing {unknown}
 k - 4 potions of heal wounds
 l - 2 potions of mutation {unknown}
 m - 3 potions of flight {unknown}
 n - 3 potions of lignification {unknown}
 o - 5 potions of might {unknown}
 p - 2 potions of curing {unknown}
 s - a potion of invisibility {unknown}
 w - a potion of haste {unknown}
 x - a potion of berserk rage {unknown}
 z - a potion of ambrosia {unknown}
 B - a potion of magic {unknown}
Comestibles
 d - 10 rations


   Skills:
 - Level 2.1 Dodging
 - Level 2.1 Stealth
 + Level 4.4 Spellcasting
 - Level 0.7 Transmutations
 * Level 10.5 Earth Magic


You couldn't memorise any spells.
You knew the following spells:

 Your Spells              Type           Power        Failure   Level  Hunger
a - Sandblast             Erth           #####.       1%          1    None
b - Stone Arrow           Conj/Erth      ###...       5%          3    ###....
c - Petrify               Tmut/Erth      ###.....     16%         4    ####...
d - Lee's Rapid Deconstr  Erth           #####.....   5%          5    ######.
e - Passwall              Tmut/Erth      ###.....     2%          2    ##.....

Your spell library contained the following spells:

 Spells                   Type           Power        Failure   Level  Hunger


Dungeon Overview and Level Annotations

Branches:
Dungeon (6/15)
 Temple: D:4-7

Altars:
Elyvilon
Hepliaklqana
Nemelex Xobeh
Wu Jian
The Shining One

Shops:
D:5 (


Innate Abilities, Weirdness & Mutations

You are resistant to torment.
Your stone body is resilient. (AC +5)
You are immune to poison.
You resist negative energy. (rN+)
You are resistant to electric shocks. (rElec)
You can survive without breathing.
You are immune to petrification.
You are immune to rotting.


Message History

Press: ? - help, Shift-Dir - straight line, f/p - ice beast
Aim: an ice beast (heavily wounded)
The blast of sand hits the ice beast!!
You kill the ice beast!
b - 174 stones The gnoll hits you but does no damage. x2
Casting: Sandblast (safe; 1% risk of failure)
Confirm with . or Enter, or press ? or * to list all spells.
Aiming: Sandblast (safe; 1% risk of failure)
Press: ? - help, Shift-Dir - straight line, f - gnoll
Aim: a gnoll, wielding a +0 spear The blast of sand hits the gnoll.
The gnoll is moderately wounded.
b - 173 stones The gnoll hits you from afar with a +2 spear of freezing.
* * * LOW HITPOINT WARNING * * *
The gnoll freezes you.
* * * LOW HITPOINT WARNING * * *
The gnoll hits you from afar with a +0 spear!
You die...

#.....#..##.# #≈≈##≈≈≈####
.....#...#..# #≈##..>.....
............#####≈##≈.....#.
.......g.........[..≈≈......
###..##.....##..##.#.≈≈...#.
... ####..###≈..#...≈#.##. .
#.g)g.≈≈≈###....###.
#.#†##.### #........
#.#@##.# ##.###### #.#..#.#
#.# ####.##.#.# #.#
..........# #.# ###.##.###
#.# #.##.# ##.## ######<##.#
#...##### ...........#
#........ #######.####
#...#####


You could see 2 gnolls.

Vanquished Creatures
  Eustachio (D:4)
  2 sky beasts
  An ice beast (D:6)
  A phantom (D:4)
  3 ogres
  A jelly (D:5)
  An iguana (D:5)
  3 worker ants
  2 gnolls (D:6)
  12 adders
  2 dart slugs (D:1)
  7 leopard geckos
  8 orcs
  4 giant cockroaches
  3 goblins
  7 hobgoblins
  2 jackals (D:3)
  2 quokkas
  3 ball pythons
  10 bats
  5 frilled lizards
  7 kobolds
  A quokka skeleton (D:5)
  11 rats
99 creatures vanquished.

Notes
Turn   | Place    | Note
-------+----------+-------------------------------------------
     0 | D:1      | DearestLeader the Gargoyle Earth Elementalist began the
                  | quest for the Orb.
     0 | D:1      | Reached XP level 1. HP: 10/10 MP: 3/3
   303 | D:1      | Reached skill level 4 in Earth Magic
   333 | D:1      | Reached XP level 2. HP: 13/15 MP: 5/5
   730 | D:1      | Reached XP level 3. HP: 19/19 MP: 6/6
   734 | D:1      | Reached skill level 5 in Earth Magic
  1485 | D:2      | Reached XP level 4. HP: 24/24 MP: 5/7
  1497 | D:2      | Reached skill level 6 in Earth Magic
  1766 | D:2      | Found a sparkling altar of Nemelex Xobeh.
  1766 | D:2      | Found a white marble altar of Elyvilon.
  1769 | D:2      | Found an ornate altar of the Wu Jian Council.
  1769 | D:2      | Found a hazy altar of Hepliaklqana.
  1773 | D:2      | Found a glowing golden altar of the Shining One.
  2677 | D:3      | Reached XP level 5. HP: 28/28 MP: 8/8
  2929 | D:3      | Learned a level 3 spell: Stone Arrow
  2934 | D:3      | Learned a level 4 spell: Petrify
  3270 | D:4      | Noticed a phantom
  3281 | D:4      | Killed a phantom
  3281 | D:4      | Reached skill level 7 in Earth Magic
  3281 | D:4      | Reached XP level 6. HP: 30/32 MP: 9/9
  3474 | D:4      | Noticed Eustachio
  3480 | D:4      | Killed Eustachio
  3480 | D:4      | Reached skill level 8 in Earth Magic
  4173 | D:4      | Reached XP level 7. HP: 36/36 MP: 8/11
  4216 | D:4      | Reached skill level 9 in Earth Magic
  4411 | D:5      | Entered Level 5 of the Dungeon
  4700 | D:5      | Found Uregg's Antique Weapon Boutique.
  4763 | D:5      | Bought a translucent whip for 195 gold pieces
  4763 | D:5      | Identified the +6 whip of the Big Bang {vamp, rPois} (You
                  | bought it in a shop on level 5 of the Dungeon)
  4781 | D:5      | Reached XP level 8. HP: 41/41 MP: 10/13
  4952 | D:6      | Reached skill level 10 in Earth Magic
  4959 | D:6      | Learned a level 5 spell: Lee's Rapid Deconstruction
  4982 | D:6      | Learned a level 2 spell: Passwall
  5046 | D:6      | Noticed a shadow
  5201 | D:6      | Slain by a gnoll

Illustrated notes

Levels and vault maps discovered:
D:1:      ncdulo_smallfort, layout_loops_ring, hangedman_decor_diamond_cutter,
          wander_ebering_terrifying_dragon_lair
D:2:      layout_basic, grunt_temple_overflow_open
D:3:      layout_basic
D:4:      layout_layer_cave, uniq_eustachio
D:5:      layout_cave_pools, serial_shops, shop, first_ration
D:6:      layout_loops_corners, grunt_qazlal_clouds, serial_rivers,
          chequers_serial_rivers_marsh, chequers_serial_rivers_small_b,
          chequers_serial_rivers_small_b, chequers_serial_rivers_micro_b,
          basic_altar, minmay_misc_feat_x, hangedman_decor_opposing,
          lightli_corner_chamber

Skill      XL: |  1  2  3  4  5  6  7  8 |
---------------+-------------------------+-----
Earth Magic    | 4 5 6 7 8 9 10 | 10.5
Dodging        | 2 |  2.1
Spellcasting   | 3 4 |  4.4
Stealth        | |  2.1
Transmutations | |  0.7

Action                   |  1- 3 |  4- 6 |  7- 9 || total
-------------------------+-------+-------+-------++-------
Melee: Unarmed           |    23 |       |       ||    23
       Whip              |    81 |   147 |    40 ||   268
 Cast: Sandblast         |     4 |     9 |    23 ||    36
  Use: Scroll            |     2 |     3 |       ||     5
 Stab: Sleeping          |     8 |    10 |     3 ||    21
       Distracted        |       |     1 |     1 ||     2
  Eat: Chunk             |     2 |     9 |     3 ||    14
Armor: Robe              |    41 |    61 |    30 ||   132
Dodge: Dodged            |    81 |   102 |    68 ||   251
